 Dungeon Sprint DCSS version 0.24-a0-251-g44e327ef01 (webtiles) character file.

Game seed: 14830118588568402057

258 Redear the Fighter (level 6, -8/68 HPs)
             Began as an Ogre Hunter on Apr 16, 2019.
             Mangled by a neqoxec (11 damage)
             ... in the Dungeon (Sprint II: "The Violet Keep of Menkaure").
             The game lasted 00:01:20 (38 turns).

Redear the Fighter (Ogre Hunter)                      Turns: 38, Time: 00:01:21

Health: -8/68      AC:  3    Str: 17      XL:     6   Next: 16%
Magic:  6/6        EV: 12    Int:  3 (10) God:
Gold:   0          SH:  0    Dex: 11      Spells: 5/5 levels left

rFire    . . .     SeeInvis .   a - +0 short sword
rCold    . . .     Gourm    .   (no shield)
rNeg     . . .     Faith    .   b - +0 robe
rPois    .         Spirit   .   (helmet restricted)
rElec    .         Reflect  .   (no cloak)
rCorr    .         Harm     .   (gloves unavailable)
MR       .....     NoTele   +   (boots unavailable)
Stlth    +.........             (no amulet)
HPRegen  0.00/turn              (no ring)
MPRegen  0.10/turn              (no ring)

@: berserk cooldown, hasted and slowed
A: large, unfitting armour, blurry vision 1, dopey 1, frail 1, inhibited
regeneration, tough skin 1
a: no special abilities


You were in the Dungeon.
You were not hungry.

You visited 1 branch

Inventory:

Hand Weapons
 a - a +0 short sword (weapon)
Armour
 b - a +0 robe (worn)
Scrolls
 B - a scroll of blinking {@r4}
Potions
 i - 2 potions of magic
Comestibles
 z - a ration


   Skills:
 + Level 9.6 Fighting
 + Level 8.2 Throwing
 + Level 6.7 Dodging
 - Level 0.6 Stealth


You had 5 spell levels left.
You didn't know any spells.
Your spell library was empty.

Dungeon Overview and Level Annotations

Branches:
Dungeon (1/1)

Altars:


Innate Abilities, Weirdness & Mutations

You are too large for most types of armour.
You have tough skin. (AC +1)
Scrolls take you a little longer to read.
You are dopey. (Int -2)
You are frail. (-10% HP)
You do not regenerate when monsters are visible.


Message History

You hit the neqoxec.
The neqoxec is moderately wounded.
The neqoxec misses you.
Unknown command.
You aren't carrying any items that you can evoke.
Unknown command.
You barely miss the neqoxec.
The neqoxec is moderately wounded.
The neqoxec closely misses you.
Unknown command.
You hit the neqoxec.
The neqoxec is moderately wounded.
The neqoxec gestures at you.
You feel dopey. Something feeds on your intellect!
The neqoxec barely misses you.
Unknown command.
You hit the neqoxec.
The neqoxec is heavily wounded.
The neqoxec hits you!
You die... ### ## 55##. 535

#3#
##@##
+.<.+
##.##
#+#


You could see 2 neqoxecs, a white imp, 2 shadow imps and an ufetubus.

Vanquished Creatures
  2 neqoxecs (D)
2 creatures vanquished.

Vanquished Creatures (others)
  A crocodile (D)
1 creature vanquished.

Grand Total: 3 creatures vanquished

Notes
Turn   | Place    | Note
-------+----------+-------------------------------------------
     0 | D        | Redear the Ogre Hunter began the quest for the Orb.
     0 | D        | Reached XP level 1. HP: 22/22 MP: 1/1
     1 | D        | Noticed a neqoxec
     1 | D        | Noticed a neqoxec
     1 | D        | Noticed a neqoxec
     1 | D        | Noticed a neqoxec
     2 | D        | Noticed an iron imp
     4 | D        | Gained mutation: You do not regenerate when monsters are
                  | visible. [a neqoxec]
     5 | D        | Killed a neqoxec
     5 | D        | Reached skill level 7 in Fighting
     5 | D        | Reached skill level 6 in Throwing
     5 | D        | Reached skill level 5 in Dodging
     5 | D        | Reached XP level 2. HP: 26/41 MP: 2/2
     5 | D        | Reached XP level 3. HP: 31/48 MP: 3/3
     5 | D        | Reached XP level 4. HP: 37/57 MP: 4/4
     5 | D        | Reached XP level 5. HP: 41/63 MP: 5/5
    10 | D        | Gained mutation: You are frail. (-10% HP) [a neqoxec]
    17 | D        | Killed a crocodile
    17 | D        | Gained mutation: Scrolls take you a little longer to read.
                  | [a neqoxec]
    19 | D        | Gained mutation: You are dopey. (Int -2) [a neqoxec]
    21 | D        | Killed a neqoxec
    21 | D        | Reached skill level 9 in Fighting
    21 | D        | Reached skill level 8 in Throwing
    21 | D        | Reached skill level 6 in Dodging
    21 | D        | Reached XP level 6. HP: 41/68 MP: 6/6
    33 | D        | HP: 3/68 [neqoxec (8)]
    38 | D        | Mangled by a neqoxec

Levels and vault maps discovered:
D:        the_violet_keep_of_menkaure [sprint2_stairs_cluster_1,
          sprint2_shoproom, sprint2_temple, sprint2_basic_supplies,
          sprint2_obstacle_5, sprint2_obstacle_4, sprint2_obstacle_7,
          sprint2_obstacle_2, sprint2_obstacle_3, sprint2_timed_cluster_1,
          sprint2_smallroom_cluster_1, sprint2_smallroom_final_cluster_1,
          sprint2_transparent_cluster_1, sprint2_second_timed_cluster_1,
          sprint2_sniper_area_1, sprint2_heavy_combat_area_1,
          sprint2_mutation_trap_area_1, sprint2_forest_area_1,
          sprint2_light_combat_area_1, sprint2_behind_water_1,
          sprint2_near_end_vault_1]

Skill      XL: |  1  2  3  4  5 |
---------------+----------------+-----
Fighting       | 7 9 |  9.6
Throwing       | 6 8 |  8.2
Dodging        | 5 6 |  6.7
Stealth        | |  0.6

Action                   |  1- 3 |  4- 6 || total
-------------------------+-------+-------++-------
Melee: Short sword       |       |    26 ||    26
Throw: Large rock        |     4 |     1 ||     5
       Throwing net      |       |     2 ||     2
  Use: Potion            |       |     4 ||     4
Armor: Robe              |       |     4 ||     4
Dodge: Dodged            |     1 |    23 ||    24

Table legend:
 A = Non-vault XP
 B = Vault XP
 C = Vault XP percentage of total XP
 D = Non-vault monster count
 E = Vault monster count
 F = Vault count percentage of total count
                 A         B        C        D         E       F
            +---------+---------+-------+---------+---------+-------
      Total |       0 |     369 | 100.0 |       0 |       2 | 100.0
            +---------+---------+-------+---------+---------+-------
          D |       0 |     369 | 100.0 |       0 |       2 | 100.0
            +---------+---------+-------+---------+---------+-------
